 Dungeon Crawl Stone Soup version 0.30.0 (webtiles) character file.

Game seed: 7163785914105212782

661 Mangokaze the Chiller (level 7, -2/46 HPs)
             Began as a Human Ice Elementalist on Aug 24, 2023.
             Slain by a sky beast (6 damage)
             ... on level 6 of the Dungeon.
             The game lasted 00:27:41 (5068 turns).

Mangokaze the Chiller (Human Ice Elementalist)      Turns: 5068, Time: 00:27:41

Health: -2/46      AC:  2    Str:  8    XL:     7   Next: 86%
Magic:  8/14       EV: 12    Int: 18    God:
Gold:   186        SH:  0    Dex: 13    Spells: 14/15 levels left

rFire   . . .        e - +0 dagger
rCold   . . .        (no shield)
rNeg    . . .        l - +0 robe
rPois   .            (no helmet)
rElec   .            (no cloak)
rCorr   .            (no gloves)
SInv    .            (no boots)
Will    .....        h - amulet of regeneration
Stlth   ++           i - ring of wizardry
HPRegen 1.07/turn    (no ring)
MPRegen 0.14/turn

%: wizardry (x1)
@: on berserk cooldown, slowed, invisible, very slow
A: no striking features
a: no special abilities


You were on level 6 of the Dungeon.
You visited 1 branch of the dungeon, and saw 6 of its levels.

You collected 186 gold pieces.

Inventory:

Hand Weapons
 e - a +0 dagger (weapon)
 o - a +0 vampiric scythe
 r - a +0 short sword
Missiles
 x - a throwing net
Armour
 l - a +0 robe (worn)
 p - a +0 ring mail
Jewellery
 h - an amulet of regeneration (around neck)
 i - a ring of wizardry (left hand)
 n - an amulet of regeneration
 s - an amulet of faith
 u - a ring of fire
Wands
 m - a wand of polymorph (14)
Scrolls
 c - 5 scrolls of identify {unknown}
 g - 3 scrolls of amnesia {unknown}
 q - 2 scrolls of noise {unknown}
 t - 2 scrolls of teleportation {unknown}
 y - a scroll of silence {unknown}
 z - a scroll of immolation {unknown}
 B - a scroll of enchant armour {unknown}
 C - a scroll of poison {unknown}
Potions
 a - 2 potions of lignification {unknown}
 b - a potion of magic
 d - 3 potions of degeneration {unknown}
 f - 2 potions of resistance {unknown}
 j - a potion of attraction {unknown}
 v - a potion of curing {unknown}
 w - a potion of mutation {unknown}


   Skills:
 - Level 2.0 Dodging
 - Level 2.0 Stealth
 * Level 4.8 Spellcasting
 * Level 7.5 Ice Magic


You had 14 spell levels left.
You knew the following spells:

 Your Spells              Type           Power      Damage    Failure   Level
a - Freeze                Ice            100%       1d10      1%          1

Your spell library contained the following spells:

 Spells                   Type           Power      Damage    Failure   Level
 Frozen Ramparts          Ice            62%        1d10      1%          3
 Ozocubu's Armour         Ice            31%        N/A       1%          3
 Summon Ice Beast         Ice/Summ       17%        N/A       12%         4
 Vhi's Electric Charge    Tloc/Air       8%         N/A       16%         3
 Arcjolt                  Conj/Air       2%         1d12      80%         5
 Plasma Beam              Fire/Air       2%         2x1d13    100%        6


Dungeon Overview and Level Annotations

Branches:
Dungeon (6/15)
 Temple: D:4-7

Altars:
Dithmenos
Okawaru
Uskayaw

Shops:
D:2 *


Message History

Deactivating autopickup; reactivate with Ctrl-A.
Something hits you.
* * * LOW HITPOINT WARNING * * *
Something shocks you.
* * * LOW HITPOINT WARNING * * *
The phantom hits you.
* * * LOW HITPOINT WARNING * * *
The phantom blinks!
You blink.
Splash!
You fall into the shallow water.
Moving in this stuff is going to be slow.
Aiming: Freeze (safe; 1% risk of failure)
Press: ? - help, Q - select action, (/) - cycle Shift-Dir - straight line, f/p - phantom
Aim: a phantom (severely damaged)
You freeze the phantom.
The phantom resists.
The phantom is severely damaged.
The phantom hits you.
* * * LOW HITPOINT WARNING * * *
The phantom blinks!
You blink.
It was a potion of invisibility.
You fade into invisibility!
The phantom closely misses you.
It was a potion of berserk rage.
A red film seems to cover your vision as you go berserk!
You feel yourself moving faster!
You feel mighty! The phantom hits you.
* * * LOW HITPOINT WARNING * * *
You are too berserk!
Unknown command.
You are too berserk!
You puncture the phantom!
You destroy the phantom!
You feel a strong urge to attack something.
You feel your anger nearly subside.
You are no longer berserk.
You are exhausted.
You feel yourself slow down. Something hits you.
* * * LOW HITPOINT WARNING * * *
Something shocks you.
You die...

#.........##~≈≈~~.#
#####.######~~≈≈~.# #.#
##~≈≈~.## . #.#
#~≈≈~~.#####...# #.#
#~~≈≈~..........
#...#######~≈≈~..#######.
#.#......88~≈≈~~88..####.##
#. .##.....................
## ###.....@.........#
##..88~~≈≈~88..##
######~≈≈~~........#
#~~≈≈~######### ##~≈≈~..
#~≈≈~~## #~~≈≈~# ..~≈≈~.


There were no monsters in sight!

Vanquished Creatures
  Sigmund (D:2)
  Eustachio (D:5)
  A water moccasin (D:5)
  A phantom (D:6)
  A howler monkey (D:5)
  A hound (D:5)
  4 adders
  4 dart slugs
  4 orcs
  10 ball pythons
  4 bats
  5 endoplasms
  5 giant cockroaches
  5 hobgoblins
  6 jackals
  A quokka (D:2)
  3 frilled lizards
  6 goblins
  4 kobolds
  A rat (D:1)
68 creatures vanquished.

Notes
Turn   | Place    | Note
-------+----------+-------------------------------------------
     0 | D:1      | Mangokaze the Human Ice Elementalist began the quest for
                  | the Orb.
     0 | D:1      | Reached XP level 1. HP: 13/13 MP: 3/3
   166 | D:1      | Reached XP level 2. HP: 13/19 MP: 0/5
   866 | D:1      | Reached XP level 3. HP: 23/24 MP: 3/6
  1502 | D:2      | Found Toxafimpowu's Assorted Antiques.
  1715 | D:2      | Reached skill level 5 in Ice Magic
  1715 | D:2      | Reached XP level 4. HP: 30/30 MP: 3/7
  2320 | D:3      | Noticed Sigmund
  2352 | D:2      | Killed Sigmund
  2353 | D:2      | Reached skill level 6 in Ice Magic
  2353 | D:2      | Reached XP level 5. HP: 28/35 MP: 1/9
  2353 | D:2      | Reached XP level 6. HP: 33/41 MP: 1/10
  2512 | D:3      | Found a shadowy altar of Dithmenos.
  2605 | D:3      | Found a hide-covered altar of Uskayaw.
  3255 | D:3      | Found an iron altar of Okawaru.
  4343 | D:5      | Entered Level 5 of the Dungeon
  4505 | D:5      | Noticed Eustachio
  4569 | D:5      | Killed Eustachio
  4570 | D:5      | Reached skill level 7 in Ice Magic
  4570 | D:5      | Reached XP level 7. HP: 21/46 MP: 4/13
  4908 | D:5      | Noticed a water moccasin
  4913 | D:5      | Killed a water moccasin
  5059 | D:6      | HP: 2/46 [phantom (2)]
  5068 | D:6      | Slain by a sky beast

Illustrated notes

Levels and vault maps discovered:
D:1:      elethiomel_arrival_fortress_basement, layout_loops_ring
D:2:      layout_rooms, serial_shops, nicolae_shop_getting_attention,
          hangedman_decor_push, minivault_26
D:3:      layout_loops_cross, mainiacjoe_overflow_small_starburst,
          eat_drink_and_be_merry_uskayaw, okawaru_trees_1, minmay_puff,
          uniq_sigmund
D:4:      layout_loops_corners
D:5:      layout_basic, uniq_eustachio
D:6:      wander_river, layout_loops_corners, nicolae_overflow_hidden_temple,
          serial_shops, nicolae_shop_hallway_stairs, nicolae_shop_gadgets

Skill      XL: |  1  2  3  4  5  6 |
---------------+-------------------+-----
Ice Magic      | 5 6 7 |  7.5
Spellcasting   | 3 4 |  4.8
Dodging        | |  2.0
Stealth        | |  2.0

Action                     |  1- 3 |  4- 6 |  7- 9 || total
---------------------------+-------+-------+-------++-------
  Melee: Club              |     1 |       |       ||     1
         Dagger            |     1 |     9 |    39 ||    49
   Cast: Freeze            |    54 |    76 |    37 ||   167
    Use: Potion            |       |       |     3 ||     3
   Stab: Sleeping          |       |     1 |       ||     1
 Armour: Robe              |     7 |     7 |    11 ||    25
  Dodge: Dodged            |    37 |    52 |    37 ||   126
